 Dungeon Crawl Stone Soup version 0.31-a0-716-gc7603755dd (webtiles) character file.

Game seed: 11938435620801657184

3299771 CrazyBamboolord the Shapeless Merfolk (level 27, 249/249 HPs)
             Began as a Merfolk Shapeshifter on Sept 9, 2023.
             Was the Champion of Wu Jian.
             Escaped with the Orb
             ... and 5 runes on Sept 10, 2023!
             The game lasted 03:24:01 (67334 turns).

CrazyBamboolord the Shapeless Merfolk (MfSh)       Turns: 67334, Time: 03:24:01

Health: 249/249    AC: 15    Str: 25    XL:     27
Magic:  24/24      EV: 57    Int: 15    God:    Wu Jian [******]
Gold:   3335       SH:  0    Dex: 13    Spells: 28/35 levels left

rFire   + +          .
                       - Unarmed
rCold   + . .        (shield currently unavailable)
rNeg    + . .        H - melded +4 skin of Zhor {*Englaciate rC+++ SInv}
rPois   ∞            S - melded +3 crown of Dyrovepreva {rElec Int+2 SInv}
rElec   +            d - melded +2 cloak of Nemelex Xobeh's Hatred {Harm}
rCorr   +            X - melded +0 pair of fencer's gloves {Riposte Dex+3}
SInv    +            O - melded +1 pair of boots of the Villain {Int+3}
Will    +++..        U - amulet "Vyla" {Spirit rPois rF++}
Stlth   +++          E - ring "Xesaez" {Contam Will+ rCorr EV+5}
HPRegen 0.61/turn    W - ring of Dumnue {rC+ rN+}
MPRegen 0.19/turn

%: guardian spirit
@: storm-form, flying
A: cleaving, insubstantial, flying, (nimble swimmer 2), (mertail), (horns 1),
see invisible, clever 1, (cold resistance 1), low MP 2, subdued magic 1, (sturdy
frame 1)
0: Orb of Zot
}: 5/15 runes: barnacled, slimy, silver, abyssal, gossamer
a: Blinkbolt, Begin Untransformation, Renounce Religion, Wall Jump, Serpent's
Lash, Heavenly Storm


You escaped.
You worshipped Wu Jian.
Wu Jian was exalted by your worship.
You were a lightning-filled tempest!
You visited 13 branches of the dungeon, and saw 57 of its levels.
You visited the Abyss 1 time.
You visited 1 bazaar.

You collected 11813 gold pieces.
You spent 8478 gold pieces at shops.

Inventory:

Missiles
 M - 13 throwing nets
Armour
 d - the +2 cloak of Nemelex Xobeh's Hatred (melded) {Harm}
   (You found it on level 3 of the Depths)

   Harm:      It increases damage dealt and taken.
 H - the +4 skin of Zhor (melded) {*Englaciate rC+++ SInv}
   (You found it on level 9 of the Dungeon)

   *Englaciate: It radiates cold, occasionally slowing all nearby creatures who
   are not resistant to cold.
   rC+++:     It renders you almost immune to cold.
   SInv:      It lets you see invisible.
 O - the +1 pair of boots of the Villain (melded) {Int+3}
   (You found it on level 2 of the Vaults)

   Int+3:     It affects your intelligence (+3).
 S - the +3 crown of Dyrovepreva (melded) {rElec Int+2 SInv}
   (You bought it in a shop on level 2 of the Orcish Mines)

   Int+2:     It affects your intelligence (+2).
   rElec:     It insulates you from electricity.
   SInv:      It lets you see invisible.
 X - the +0 pair of fencer's gloves (melded) {Riposte Dex+3}
   (You found it on level 5 of the Pits of Slime)

   Riposte:   It allows the wearer to riposte with melee weapons, swiftly
   retaliating against missed or blocked melee attacks.
   Dex+3:     It affects your dexterity (+3).
Jewellery
 g - a +5 ring of evasion
 o - a ring of positive energy
 E - the ring "Xesaez" (left fist) {Contam Will+ rCorr EV+5}
   (You bought it in a shop on level 5 of the Vaults)

   [ring of evasion]

   EV+5:      It affects your evasion (+5).
   Will+:     It increases your willpower.
   Contam:    It causes magical contamination when unequipped.
   rCorr:     It protects you from acid and corrosion.
 F - the ring "Ucuidd" {rF+ rCorr Str-5 Int+3 Slay+5}
   (You found it on level 3 of the Depths)

   [ring of resist corrosion]

   Str-5:     It affects your strength (-5).
   Int+3:     It affects your intelligence (+3).
   Slay+5:    It affects your accuracy & damage with ranged weapons and melee
   (+5).
   rF+:       It protects you from fire.
   rCorr:     It protects you from acid and corrosion.
 U - the amulet "Vyla" (around neck) {Spirit rPois rF++}
   (You bought it in a shop on level 4 of the Depths)

   [amulet of guardian spirit]

   Spirit:    It causes incoming damage to be divided between your reserves of
   health and magic.
   rF++:      It greatly protects you from fire.
   rPois:     It protects you from poison
 W - the ring of Dumnue (right fist) {rC+ rN+}
   (You bought it in a shop on level 2 of the Orcish Mines)

   [ring of protection from cold]

   rC+:       It protects you from cold.
   rN+:       It protects you from negative energy.
 Y - the ring "Wyr Giub" {Ice Dex+5}
   (You took it off Josephina on level 3 of the Realm of Zot)

   [ring of ice]

   Ice:       It enhances your ice magic.
   Dex+5:     It affects your dexterity (+5).
   rF-:       It makes you vulnerable to fire.
   rC+:       It protects you from cold.
Talismans
 a - a granite talisman
 B - a talisman of death
 K - a storm talisman (active)
Wands
 l - a wand of roots (48)
 m - a wand of flame (27)
 p - a wand of light (49)
 w - a wand of digging (3)
 G - a wand of mindburst (42)
 L - a wand of paralysis (56)
 R - a wand of polymorph (30)
Scrolls
 e - 22 scrolls of teleportation
 j - 8 scrolls of fog
 k - 12 scrolls of revelation
 q - a scroll of acquirement
 v - 8 scrolls of vulnerability
 x - 5 scrolls of silence
 y - a scroll of immolation
 z - a scroll of amnesia
 D - a scroll of torment
 N - 11 scrolls of fear
 P - 6 scrolls of blinking
 T - 2 scrolls of enchant armour
 V - 4 scrolls of summoning
 Z - 5 scrolls of poison
Potions
 b - 11 potions of lignification
 c - 11 potions of ambrosia
 f - 11 potions of heal wounds
 h - 10 potions of attraction
 i - 7 potions of haste
 n - 5 potions of invisibility
 r - 21 potions of curing
 s - 7 potions of resistance
 t - 12 potions of mutation
 u - 11 potions of enlightenment
 A - 2 potions of cancellation
 C - a potion of brilliance
 I - 10 potions of might
 J - 4 potions of magic
 Q - 3 potions of berserk rage


   Skills:
 O Level 27 Fighting
 - Level 9.9 Throwing
 - Level 2.0 Armour
 O Level 27 Dodging
 O Level 27 Stealth
 O Level 27 Unarmed Combat
 + Level 4.7 Spellcasting
 + Level 4.3 Translocations
 + Level 6.9 Transmutations
 + Level 4.3 Earth Magic
 O Level 27 Shapeshifting


You had 28 spell levels left.
You knew the following spells:

 Your Spells              Type           Power      Damage    Failure   Level
a - Apportation           Tloc           24%        N/A       2%          1
b - Blink                 Tloc           24%        N/A       3%          2
c - Passwall              Tmut/Erth      12%        N/A       1%          2
d - Wereblood             Tmut           18%        N/A       1%          2

Your spell library contained the following spells:

 Spells                   Type           Power      Damage    Failure   Level
 Sandblast                Erth           24%        2d8       2%          1
 Lesser Beckoning         Tloc           24%        N/A       3%          2
 Gell's Gravitas          Tloc           12%        N/A       7%          3
 Teleport Other           Tloc           12%        N/A       7%          3
 Momentum Strike          Conj/Tloc      14%        3d8       9%          2
 Foxfire                  Conj/Fire      8%         2x1d4     14%         1
 Freeze                   Ice            8%         1d3       14%         1
 Magic Dart               Conj           8%         1d3       14%         1
 Necrotise                Necr           8%         1d4       14%         1
 Summon Small Mammal      Summ           8%         N/A       14%         1
 Petrify                  Tmut/Erth      15%        N/A       14%         4
 Ignite Poison            Fire/Tmut/Pois 8%         N/A       17%         3
 Volatile Blastmotes      Fire/Tloc      14%        2d11      17%         3
 Stone Arrow              Conj/Erth      14%        3d7       19%         3
 Jinxbite                 Hex            4%         N/A       22%         2
 Poisonous Vapours        Pois/Air       4%         N/A       22%         2
 Searing Ray              Conj           4%         2d4       22%         2
 Static Discharge         Conj/Air       4%         2-3/arc   22%         2
 Manifold Assault         Tloc           12%        N/A       24%         4
 Call Canine Familiar     Summ           2%         N/A       41%         3
 Frozen Ramparts          Ice            4%         1d1       41%         3
 Hailstorm                Conj/Ice       2%         3d3       41%         3
 Inner Flame              Hex/Fire       2%         N/A       41%         3
 Mephitic Cloud           Conj/Pois/Air  2%         N/A       41%         3
 Ozocubu's Armour         Ice            2%         N/A       41%         3
 Summon Guardian Golem    Hex/Summ       2%         N/A       41%         3
 Vampiric Draining        Necr           2%         2d6       41%         3
 Animate Armour           Summ/Erth      14%        N/A       52%         4
 Iskenderun's Mystic Bla  Conj/Tloc      7%         2d4       52%         4
 Leda's Liquefaction      Hex/Erth       3%         N/A       52%         4
 Lee's Rapid Deconstruct  Erth           6%         3d6*      58%         5
 Alistair's Intoxication  Tmut/Pois      6%         N/A       71%         5
 Irradiate                Conj/Tmut      5%         3d13      71%         5
 Yara's Violent Unravell  Hex/Tmut       5%         3d4       71%         5
 Airstrike                Air            1%         2d(1-17)  83%         4
 Animate Dead             Necr           2%         N/A       83%         4
 Flame Wave               Conj/Fire      2%         2d4       83%         4
 Fulminant Prism          Conj/Hex       1%         3d5       83%         4
 Sticky Flame             Conj/Fire      2%         2d3       83%         4
 Summon Ice Beast         Ice/Summ       2%         N/A       83%         4
 Summon Lightning Spire   Summ/Air       2%         N/A       83%         4
 Summon Forest            Summ/Tloc      3%         N/A       86%         5
 Borgnjor's Vile Clutch   Necr/Erth      3%         N/A       87%         5
 Agony                    Necr           2%         N/A       99%         5
 Freezing Cloud           Conj/Ice/Air   1%         6-21      99%         5
 Metabolic Englaciation   Hex/Ice        1%         N/A       99%         5
 Summon Mana Viper        Hex/Summ       2%         N/A       99%         5
 Dispersal                Tloc           6%         N/A       99%         6
 Eringya's Noxious Bog    Tmut/Pois      5%         4d6       99%         6
 Death Channel            Necr           1%         N/A       100%        6
 Leda's Unmaking          Conj/Erth      3%         9d1       100%        6
 Plasma Beam              Fire/Air       1%         2x1d11    100%        6
 Simulacrum               Ice/Necr       1%         N/A       100%        6
 Starburst                Conj/Fire      1%         6d3       100%        6
 Summon Cactus Giant      Summ           1%         N/A       100%        6
 Enfeeble                 Hex            1%         N/A       100%        7
 Haunt                    Necr/Summ      1%         N/A       100%        7
 Malign Gateway           Summ/Tloc      3%         N/A       100%        7
 Monstrous Menagerie      Summ           1%         N/A       100%        7
 Orb of Destruction       Conj           1%         9d5       100%        7
 Ozocubu's Refrigeration  Ice            1%         4d7       100%        7
 Spellforged Servitor     Conj/Summ      1%         N/A       100%        7
 Summon Hydra             Summ           1%         N/A       100%        7
 Borgnjor's Revivificati  Necr           1%         N/A       100%        8
 Ignition                 Fire           1%         3d3       100%        8
 Infestation              Necr           1%         N/A       100%        8
 Summon Horrible Things   Summ           1%         N/A       100%        8
 Death's Door             Necr           1%         N/A       100%        9
 Fire Storm               Conj/Fire      1%         7d1       100%        9
 Shatter                  Erth           6%         3d9*      100%        9
 Sublimation of Blood     Necr           Unusable   N/A       N/A         2

Dungeon Overview and Level Annotations

Branches:
Dungeon (15/15)            Temple (1/1) D:6            Lair (5/5) D:10
 Shoals (4/4) Lair:2       Spider (4/4) Lair:2        Slime (5/5) Lair:4
    Orc (2/2) D:10            Elf (3/3) Orc:2        Vaults (5/5) D:14
  Crypt (3/3) Vaults:2       Tomb (0/3) Crypt:3      Depths (4/4) D:15
   Hell (visited)             Dis (0/7) Hell            Geh (0/7) Hell
    Coc (0/7) Hell            Tar (0/7) Hell            Zot (5/5) Depths:4

Altars:
Ashenzari
Cheibriados
Dithmenos
Elyvilon
Fedhas
Gozag
Hepliaklqana
Kikubaaqudgha
Makhleb
Nemelex Xobeh
Okawaru
Qazlal
Ru
Sif Muna
Trog
Uskayaw
Vehumet
Wu Jian
Xom
Yredelemnul
Zin
The Shining One
Jiyva

Shops:
D:5 :   D:10 (   D:12 ?:(:   D:15 *   Orc:1 *   Orc:2 (*=[   Elf:3 :
Vaults:5 [!=?!!   Depths:4 ?=:=

Portals:
Hell: Depths:1 Depths:2 Depths:3 Depths:4
Abyss: Depths:3
Pandemonium: Depths:2 Depths:4
Ziggurat: Depths:2
Trove: Vaults:3 (lose all piety)

Annotations:
Vaults:2 3 runed translucent doors, quaternion's ghost, veteran MiFi
Depths:2 3 runed translucent doors, Amisa's ghost, adept VSFi


Innate Abilities, Weirdness & Mutations

You are a lightning-filled tempest!
Your electrical attacks strike out in all directions at once.
You are incredibly evasive.
Your insubstantial body is immune to petrification, constriction, and being set on fire You are flying.
Your armour is entirely melded.
You are incapable of wielding weapons or throwing items.
You are immune to poison.
((You are very nimble when in or above water. (Stealth+, EV+, Speed+++)))
((Your lower body shifts to a powerful aquatic tail in water.))
((You have a pair of small horns on your head.))
You have supernaturally acute eyesight. (SInv)
Your mind is acute. (Int +4, Str/Dex -1)
((Your flesh is cold resistant. (rC+)))
Your magical capacity is very low. (-20% MP)
Your spells are a little easier to cast, but a little less powerful.
((Your movements are slightly less encumbered by armour. (ER -2)))


Message History

You miss Suet. You punch Suet!
Suet is moderately wounded.
You closely miss the smoke demon. Suet completely misses you.
The smoke demon completely misses you. x3
Unknown command.
Unknown command.
You blast Suet!!!
Lightning courses through Suet! Your punch misses Suet.
Suet is heavily wounded.
You blast the smoke demon!!!
You kill the smoke demon!
The Council accepts your kill. Suet hits you!!
Unknown command.
You closely miss Suet.
Suet is heavily wounded.
You blast Suet!!!!
Suet is almost dead.
Suet completely misses you.
Unknown command.
You blast Suet!!!!
Lightning courses through Suet!
You kill Suet!
The Council accepts your kill.
Unknown command.
No reachable target in view!
Unknown command.
An Orb Guardian comes into view.
There is a staircase leading out of the dungeon here.
The Orb Guardian completely misses you.
You closely miss the Orb Guardian. You punch the Orb Guardian!
The Orb Guardian is moderately wounded.
You blast the Orb Guardian!!!!
Lightning courses through the Orb Guardian!
You kill the Orb Guardian!
The Council accepts your kill.
You start resting.
Magic restored.
You start resting.
HP restored.
You can't go down here!
You have escaped!

#.#####.##.#########
#.#######.....######
#.###...#.....#...##
##.###.8.#.....#.8.##
#####..###...#.....#2..##
.........#####....)######
#####'........÷....)....#
÷....#..................#
###+.#.........)v.......#
...#.#.#................#
##.#.#.#................#
##.#.#...##.##.....######
...#.#.###...#..)..#...##
###'.#.###...#)....#.8.##
..(..#.###...#.....#...##
#####'.####.##.....######
.......###...##....####.#


You could see a lorocyproca (invisible).

Vanquished Creatures
  Dissolution (Slime:4)
  the Royal Jelly (Slime:5)
  8 ancient liches
  10 dread liches
  4 orbs of fire
  Mennas (Crypt:1)
  2 juggernauts
  Boris (Vaults:3)
  Josephina (Zot:3)
  Sojobo (Vaults:4)
  4 Killer Klowns (Zot:5)
  Margery (Depths:4)
  A curse toe (Zot:5)
  2 caustic shrikes (Depths:3)
  Saint Roka (Vaults:1)
  Geryon (Hell)
  Nikola (Shoals:1)
  3 pandemonium lords
  7 golden dragons
  A profane servitor (Crypt:1)
  the Enchantress (Depths:3)
  Norris (Vaults:1)
  A Tzitzimitl (Depths:1)
  8 electric golems
  2 Hell Sentinels
  A Brimstone Fiend (D:15)
  25 tentacled monstrosities
  Zenata (Vaults:1)
  Rupert (D:12)
  4 titans
  30 Orb Guardians
  7 liches
  Mlioglotl (Shoals:4)
  4 deep elf blademasters
  2 deep elf master archers (Elf:3)
  A walking frostbound tome (Depths:3)
  A walking divine tome (Depths:3)
  7 quicksilver dragons
  21 acid blobs
  2 sphinxes (Crypt:3)
  A kraken (Shoals:2)
  12 death cobs
  Gastronok (D:12)
  5 ancient champions
  A tentacled starspawn (Abyss:3)
  Polyphemus (Shoals:4)
  8 shadow dragons
  18 storm dragons
  Kirke (Spider:2)
  9 draconian monks
  15 tengu reavers
  8 rockslimes
  Donald (Shoals:2)
  A demonspawn warmonger (D:1)
  Roxanne (Spider:1)
  3 fire giants (Vaults:5)
  12 azure jellies
  5 revenants
  3 iron dragons
  6 draconian knights
  6 deep elf sorcerers
  2 emperor scorpions (shapeshifter)
  6 frost giants
  4 ghouls
  5 deep elf elementalists (Elf:3)
  A caustic shrike zombie (Depths:1)
  A spectral caustic shrike (Depths:3)
  20 vault wardens
  3 balrugs
  4 emperor scorpions (Spider:4)
  8 draconian scorchers
  14 ghost moths
  2 juggernaut zombies
  An orc warlord (Orc:2)
  4 draconian stormcallers
  An angel (Abyss:3)
  6 draconian shifters
  10 formless jellyfish
  4 reapers
  2 curse skulls
  20 very ugly things
  12 quicksilver oozes
  3 spriggan defenders (Depths:3)
  5 draconian annihilators
  22 ironbound preservers
  9 war gargoyles
  2 cacodemons
  A demonspawn corrupter (D:1)
  13 stone giants
  Nessos (Orc:2)
  2 ophanim (Abyss:3)
  A demonspawn blood saint (D:1)
  9 green draconians
  16 ironbound thunderhulks
  A caustic shrike skeleton (Depths:2)
  13 black draconians
  11 white draconians
  4 deep elf demonologists
  9 vampire knights
  A putrid mouth (Hell)
  The ghost of Vypp the Brawler, a journeyman DrMo of Yredelemnul (D:15)
  11 purple draconians
  12 yellow draconians
  A lorocyproca (Zot:5)
  6 deep elf annihilators
  14 red draconians
  18 spark wasps
  7 dire elephants
  A crystal guardian (Vaults:3)
  11 merfolk impalers
  8 blizzard demons
  12 deep elf death magi
  5 ettins
  2 eidola
  5 merfolk javelineers
  2 green deaths
  20 yaktaur captains
  4 fire dragons
  9 deep elf high priests
  4 jiangshi (Crypt:1)
  10 great orbs of eyes
  6 hydras
  11 entropy weavers
  A spriggan zombie (Hell)
  9 ice dragons
  Erolcha (Orc:2)
  A caustic shrike simulacrum (Depths:3)
  5 rakshasas
  29 centaur warriors
  2 peacekeepers
  5 ogre magi
  3 hell beasts
  An alligator snapping turtle (Shoals:2)
  4 merfolk avatars
  2 radroaches
  9 ironbound frosthearts
  5 spriggan air magi (Depths:3)
  2 catoblepae
  2 death knights
  2 jorogumos
  A sphinx zombie (Depths:2)
  32 vault guards
  4 boulder beetles
  An anaconda (shapeshifter) (Depths:2)
  14 two-headed ogres
  The ghost of Gargoyl the Cleaver, a journeyman GrBe of Trog (Lair:2)
  A two-headed ogre (shapeshifter) (Depths:2)
  A sphinx skeleton (Depths:2)
  2 spriggan skeletons
  30 dancing weapons
  6 demonic crawlers
  9 merfolk aquamancers
  9 tengu warriors
  A titan zombie (Depths:2)
  An Orb Guardian skeleton (Crypt:2)
  2 deep troll earth magi
  4 death yaks (Shoals:4)
  3 orc high priests (Orc:2)
  10 hell hogs
  2 spriggan berserkers
  6 vampire magi
  A shock serpent (shapeshifter) (Vaults:5)
  8 shock serpents
  13 soul eaters
  18 hell knights
  4 thrashing horrors (Abyss:3)
  A storm dragon zombie (Hell)
  10 sun demons
  A fire crab (Lair:5)
  6 shadow wraiths
  2 titan skeletons
  7 skysharks
  19 deep elf knights
  A sixfirhy (Zot:4)
  A spectral spark wasp (Depths:3)
  3 iron trolls
  2 golden dragon zombies
  5 pharaoh ants
  6 sea snakes
  8 skeletal warriors
  2 anaconda zombies
  A deep troll (shapeshifter) (Vaults:5)
  Lodul (D:12)
  A spark wasp zombie (Depths:2)
  59 deep trolls
  2 shadow demons
  13 deep elf archers
  4 glowing orange brains
  2 cherubim (Abyss:3)
  16 orb spiders
  5 orc knights
  9 steelbarb worms
  32 phantasmal warriors
  A steelbarb worm (shapeshifter) (Depths:4)
  34 deep elf zephyrmancers
  5 wizards
  16 lindwurms
  5 harpies
  An alligator zombie (Hell)
  13 necromancers
  12 flayed ghosts
  30 deep elf pyromancers
  A wolf spider zombie (D:15)
  3 cyclopes
  14 wolf spiders
  19 ironbound convokers
  29 ugly things
  9 fauns
  5 orc sorcerers
  A tengu skeleton (Depths:2)
  2 frost giant zombies
  2 oklob plants
  7 shining eyes
  A moth of wrath (shapeshifter) (Vaults:5)
  15 manticores
  2 centaur zombies
  A guardian serpent (shapeshifter) (Depths:2)
  An ice statue (Hell)
  A manticore (shapeshifter) (Depths:2)
  2 titan simulacra (Depths:3)
  10 rust devils
  31 moths of wrath
  12 vault sentinels
  2 black mambas
  A formless jellyfish zombie (Crypt:2)
  4 merfolk sirens
  3 orange demons
  An eye of devastation (shapeshifter) (Depths:2)
  5 eyes of devastation
  27 elephants
  10 fire giant skeletons (Crypt:3)
  Jeremiah (D:9)
  3 smoke demons
  10 gargoyles
  An unseen horror (D:12)
  An unseen horror (shapeshifter) (D:14)
  3 water nymphs
  5 torpor snails
  2 rime drakes (shapeshifter)
  10 cane toads
  7 freezing wraiths
  A centaur skeleton (Crypt:3)
  A komodo dragon (shapeshifter) (Depths:2)
  A dire elephant skeleton (Crypt:3)
  2 tormentors
  6 rime drakes
  13 komodo dragons
  36 yaktaurs
  12 tengu conjurers
  3 efreet
  A guardian mummy (Crypt:3)
  13 polar bears
  4 ice devils
  An unseen horror skeleton (Crypt:1)
  2 red devils
  A queen bee (shapeshifter) (Depths:2)
  2 anaconda simulacra (Hell)
  A meliai (shapeshifter) (Depths:2)
  A harpy zombie (Hell)
  34 merfolk
  7 trolls
  14 hornets
  6 meliai (Spider:4)
  A troll (shapeshifter) (Depths:2)
  2 hellwings
  18 tarantellas
  18 raiju
  A hydra skeleton (Hell)
  2 tarantellas (shapeshifter)
  7 wind drakes
  2 wind drakes (shapeshifter) (Depths:2)
  A shadow dragon simulacrum (Zot:3)
  2 draconian simulacra (Zot:3)
  Prince Ribbit (D:8)
  5 blink frogs (Lair:4)
  A dream sheep (shapeshifter) (Depths:2)
  A harpy skeleton (Crypt:3)
  12 snapping turtles
  An ettin skeleton (Crypt:2)
  6 fire dragon skeletons (Crypt:3)
  4 flying skulls (Crypt:2)
  4 vampires
  3 centaur simulacra
  26 jumping spiders
  A jumping spider (shapeshifter) (Elf:1)
  22 culicivoras
  138 slime creatures
  9 shadows
  A culicivora (shapeshifter) (Elf:3)
  7 wraiths
  3 air elementals (Elf:1)
  3 ynoxinuls
  6 basilisks
  10 spriggans
  A large abomination (Abyss:3)
  64 redbacks
  18 water elementals
  40 yaks
  2 ushabtiu (Crypt:3)
  11 golden eyes
  7 wyverns
  A basilisk (shapeshifter) (Depths:2)
  A chaos spawn (Depths:3)
  A steam dragon (Lair:3)
  10 wargs
  Grum (D:8)
  8 vampire mosquitoes
  A red draconian simulacrum (Zot:3)
  2 small abominations (Abyss:3)
  A warg (shapeshifter) (Vaults:5)
  3 acid dragons
  A moth of wrath simulacrum (Zot:3)
  A floating eye (Slime:5)
  18 hell hounds
  A floating eye (shapeshifter) (Vaults:5)
  A demonspawn skeleton (Crypt:2)
  8 water moccasins
  4 naga skeletons
  An ice beast (D:7)
  28 orc warriors
  A sky beast (D:7)
  A spriggan simulacrum (Depths:2)
  11 black bears (Lair:5)
  5 boggarts
  23 wolves
  23 ogres
  7 centaurs
  3 kobold brigands
  3 phantoms
  A komodo dragon zombie (Crypt:2)
  2 earth elementals
  8 bullfrogs
  An elf skeleton (Crypt:1)
  A gnoll sergeant (D:10)
  A scorpion (D:5)
  A draconian skeleton (Crypt:2)
  A warg zombie (Crypt:2)
  A wyvern skeleton (Crypt:1)
  A troll zombie (D:10)
  7 wights
  5 killer bees (D:9)
  2 electric eels
  4 howler monkeys
  3 jellies
  A gnoll bouda (Orc:2)
  14 orc priests
  3 hounds
  2 basilisk skeletons
  2 sleepcaps (D:5)
  2 iguanas (D:5)
  13 hell rats
  20 orc wizards
  5 lightning spires (Zot:4)
  7 ogre zombies (D:10)
  8 mummies (Crypt:3)
  9 gnolls
  7 adders
  2 shadow imps
  4 white imps
  5 ufetubi
  7 worms
  A dart slug (D:1)
  60 orcs
  6 endoplasms
  3 giant cockroaches
  10 goblins
  6 hobgoblins
  6 quokkas
  5 ball pythons
  6 bats
  3 frilled lizards
  A frilled lizard zombie (Crypt:2)
  A giant cockroach zombie (Crypt:2)
  2 goblin skeletons
  5 goblin zombies (D:10)
  A hobgoblin skeleton (D:10)
  5 hobgoblin zombies (D:10)
  A jackal zombie (Crypt:1)
  16 kobolds
  2 orc skeletons (D:10)
  11 orc zombies (D:10)
  6 rats
  3 starspawn tentacles (Abyss:3)
2693 creatures vanquished.

Vanquished Creatures (others)
  A death cob (Zot:4)
  A vault warden (Vaults:1)
  A deep elf knight (Elf:2)
  A sixfirhy (Zot:4)
  A wizard (Vaults:3)
  An ugly thing (Vaults:3)
  A shining eye (Slime:5)
  A moth of wrath (Zot:4)
  A tarantella (Spider:4)
  A culicivora (Spider:1)
  A water elemental (Hell)
  2 golden eyes
  5 humans (Spider:3)
  2 redbacks
  5 ball lightnings (Zot:4)
25 creatures vanquished.

Grand Total: 2718 creatures vanquished

Notes
Turn   | Place    | Note
-------+----------+-------------------------------------------
     0 | D:1      | CrazyBamboolord the Merfolk Shapeshifter began the quest
                  | for the Orb.
     0 | D:1      | Reached XP level 1. HP: 15/15 MP: 1/1
   131 | D:1      | Reached XP level 2. HP: 21/21 MP: 2/2
   254 | D:1      | Reached skill level 5 in Shapeshifting
   422 | D:1      | Reached XP level 3. HP: 20/26 MP: 3/3
   725 | D:2      | You fall into a shaft and drop 2 floors!
  1078 | D:4      | Reached XP level 4. HP: 31/32 MP: 4/4
  1312 | D:3      | Found a faded altar of an unknown god.
  2333 | D:2      | Reached XP level 5. HP: 30/37 MP: 5/5
  2595 | D:2      | Reached XP level 6. HP: 44/44 MP: 6/6
  3011 | D:5      | Entered Level 5 of the Dungeon
  3152 | D:5      | Found Gocla's Self-Published Books.
  3187 | D:5      | Reached XP level 7. HP: 39/52 MP: 7/7
  3502 | D:5      | Reached skill level 5 in Dodging
  3667 | D:6      | Reached skill level 5 in Unarmed Combat
  3719 | D:6      | Reached XP level 8. HP: 18/60 MP: 8/8
  3911 | D:6      | Found a staircase to the Ecumenical Temple.
  4503 | D:7      | Reached skill level 5 in Fighting
  5062 | Temple   | Entered the Ecumenical Temple
  5099 | Temple   | Became a worshipper of the Wu Jian Council
  5176 | D:8      | Noticed a gargoyle
  5181 | D:8      | Found the +6 shillelagh "Devastator" {shatter}
  5181 | D:8      | Noticed a two-headed ogre
  5187 | D:8      | Killed a gargoyle
  5188 | D:8      | Reached XP level 9. HP: 71/71 MP: 9/9
  5195 | D:8      | Killed a two-headed ogre
  5316 | D:8      | Noticed Prince Ribbit
  5335 | D:8      | Killed Prince Ribbit
  5336 | D:8      | Reached skill level 1 in Armour
  5363 | D:8      | Noticed Grum
  5416 | D:8      | Killed Grum
  5417 | D:8      | Reached XP level 10. HP: 63/82 MP: 10/10
  5887 | D:9      | Noticed Jeremiah
  5901 | D:9      | Reached skill level 10 in Dodging
  5979 | D:8      | Reached skill level 10 in Shapeshifting
  6050 | D:9      | Killed Jeremiah
  6107 | D:9      | Found the +4 skin of Zhor {*Englaciate rC+++ SInv}
  6252 | D:9      | Found a glowing silver altar of Zin.
  6254 | D:9      | Found a radiant altar of Vehumet.
  6256 | D:9      | Found a hazy altar of Hepliaklqana.
  6256 | D:9      | Found a stormy altar of Qazlal.
  6289 | D:9      | Reached * piety under Wu Jian
  6793 | D:10     | Entered Level 10 of the Dungeon
  6943 | D:10     | Found a staircase to the Lair.
  6943 | D:10     | Noticed a two-headed ogre
  6957 | D:10     | Killed a two-headed ogre
  6958 | D:10     | Reached XP level 11. HP: 90/90 MP: 11/11
  6972 | D:10     | Reached skill level 10 in Fighting
  7063 | D:10     | Reached ** piety under Wu Jian
  7229 | D:10     | Noticed a two-headed ogre
  7237 | D:10     | Killed a two-headed ogre
  7303 | D:10     | Found a staircase to the Orcish Mines.
  7316 | D:10     | Reached *** piety under Wu Jian
  7332 | D:10     | Found Xingayly's Weapon Shop.
  7918 | D:11     | Noticed a two-headed ogre
  7926 | D:11     | Killed a two-headed ogre
  7974 | D:11     | Noticed a centaur warrior
  7980 | D:11     | Killed a centaur warrior
  8217 | D:11     | Noticed a cyan ugly thing
  8229 | D:11     | Killed a red ugly thing
  8305 | D:11     | Noticed a cyclops
  8315 | D:11     | Killed a cyclops
  8406 | D:12     | Noticed Rupert
  8406 | D:12     | Found Hoss's Magic Scroll Emporium.
  8409 | D:12     | Bought a scroll of acquirement for 728 gold pieces
  8417 | D:11     | Reached skill level 1 in Stealth
  8424 | D:11     | Acquired 683 gold pieces
  8496 | Lair:1   | Entered Level 1 of the Lair of Beasts
  8534 | Lair:1   | Reached **** piety under Wu Jian
  8575 | Lair:1   | Reached XP level 12. HP: 63/102 MP: 12/12
  8713 | Lair:1   | You fall into a shaft and drop 1 floor!
  8721 | Lair:2   | Noticed a five-headed hydra
  8721 | Lair:2   | Noticed a seven-headed hydra
  8721 | Lair:2   | Found the +1 robe of Vines {NoPotionHeal Regen++++}
  8740 | Lair:2   | Killed a seven-headed hydra
  8745 | Lair:2   | Killed a five-headed hydra
  9299 | Lair:1   | Reached skill level 5 in Stealth
  9648 | Lair:2   | Found a runed translucent door.
  9651 | Lair:2   | Identified the +5 trident "Arcanum" {heavy, +Blink rElec
                  | Int-2}
  9652 | Lair:2   | Noticed Gargoyl's ghost (journeyman GrBe)
  9841 | Lair:2   | Found a staircase to the Shoals.
  9941 | Lair:2   | Found a hole to the Spider Nest.
 10846 | Lair:3   | Reached XP level 13. HP: 111/111 MP: 13/13
 11560 | Lair:4   | Reached ***** piety under Wu Jian
 11568 | Lair:4   | Reached skill level 15 in Dodging
 11757 | Lair:4   | Reached skill level 15 in Fighting
 11987 | Lair:4   | Found a runed translucent door.
 11988 | Lair:4   | Found a staircase to the Slime Pits.
 12640 | Lair:5   | Entered Level 5 of the Lair of Beasts
 12803 | Lair:5   | Reached XP level 14. HP: 110/123 MP: 14/14
 13136 | Lair:5   | Reached skill level 10 in Unarmed Combat
 13184 | Lair:5   | Reached ****** piety under Wu Jian
 14142 | D:12     | Found a bloodstained altar of Trog.
 14164 | D:12     | Noticed a walking divine tome
 14166 | D:12     | Found Dadd's Book Boutique.
 14166 | D:12     | Noticed a walking divine tome
 14176 | D:12     | Noticed Gastronok
 14200 | D:12     | Killed Gastronok
 14321 | D:12     | Noticed Lodul
 14329 | D:12     | Killed Lodul
 14624 | D:12     | Found Deesazuu's Weapon Shop.
 14687 | D:12     | Killed Rupert
 14744 | D:12     | Found Kippas's Book Emporium.
 15123 | D:12     | Identified the +10 quarterstaff of Recklessness {pain,
                  | Str+3 Int+3}
 16040 | D:13     | Found a hazy altar of Hepliaklqana.
 16064 | D:13     | Reached XP level 15. HP: 92/133 MP: 15/15
 16851 | D:14     | Found a gate to the Vaults.
 17661 | Orc:1    | Entered Level 1 of the Orcish Mines
 17842 | Orc:2    | Entered Level 2 of the Orcish Mines
 17908 | Orc:2    | Found a staircase to the Elven Halls.
 17928 | Orc:2    | Noticed Nessos
 17940 | Orc:1    | Found Fonkiashy's Gadget Gallery.
 18266 | Orc:2    | Found Xoaptiri's General Store.
 18355 | Orc:2    | Bought a potion of curing for 33 gold pieces
 18355 | Orc:2    | Bought a potion of might for 44 gold pieces
 18355 | Orc:2    | Bought a potion of curing for 33 gold pieces
 18427 | Orc:2    | Found Qiozecsudgh's Antique Weapon Shop.
 18443 | Orc:2    | Noticed an orc warlord
 18493 | Orc:2    | Found Buygroq's Antique Armour Boutique.
 18508 | Orc:2    | Bought the +3 crown of Dyrovepreva {rElec Int+2 SInv} for
                  | 952 gold pieces
 18508 | Orc:2    | Found the +3 crown of Dyrovepreva {rElec Int+2 SInv}
 18508 | Orc:2    | Bought a pair of gloves for 103 gold pieces
 18659 | Orc:2    | Killed Nessos
 18767 | Orc:2    | Killed an orc warlord
 18949 | Orc:2    | Found Juzautukh's Jewellery Shop.
 19274 | Orc:2    | Noticed Erolcha
 19278 | Orc:2    | Killed Erolcha
 19386 | Orc:2    | Bought the ring of Dumnue {rC+ rN+} for 579 gold pieces
 19534 | D:15     | Entered Level 15 of the Dungeon
 19595 | D:15     | Noticed Vypp's ghost (journeyman DrMo)
 19604 | D:15     | Found a bloodstained altar of Trog.
 19673 | D:15     | Reached XP level 16. HP: 139/143 MP: 16/16
 19843 | D:15     | Found a transporter.
 19848 | D:15     | Found a transporter.
 19882 | D:15     | Found Kithruckoj's Elemental Accessories.
 20198 | D:15     | Found a staircase to the Depths.
 20520 | Spider:1 | Entered Level 1 of the Spider Nest
 20531 | Spider:1 | Reached skill level 15 in Shapeshifting
 20548 | Spider:1 | Paralysed by a Zot trap for 5 turns
 20752 | Spider:1 | Identified the amulet of Fowkus {Acrobat Rampage Str+2}
 20849 | Spider:1 | Identified the ring "Hisesui" {Ice Int+3 Slay+4 SInv
                  | Stlth+}
 21238 | Spider:1 | Noticed Roxanne
 21401 | Spider:1 | Killed Roxanne
 23421 | Spider:3 | Noticed Kirke
 23630 | Spider:2 | Noticed a sphinx
 23720 | Spider:2 | Killed Kirke
 23937 | Spider:3 | Reached XP level 17. HP: 149/149 MP: 17/17
 24484 | Spider:4 | Entered Level 4 of the Spider Nest
 25678 | Spider:4 | Got a gossamer rune of Zot
 25878 | Spider:4 | Acquired 630 gold pieces
 26767 | Orc:2    | Bought a storm talisman for 1819 gold pieces
 26977 | Vaults:1 | Entered Level 1 of the Vaults
 27025 | Vaults:1 | Noticed Saint Roka
 27258 | Vaults:1 | Reached XP level 18. HP: 82/157 MP: 18/18
 27588 | Vaults:1 | Killed Saint Roka
 28274 | Vaults:1 | Upgraded the game from 0.31-a0-704-g1016066182 to
                  | 0.31-a0-716-gc7603755dd
 28309 | Vaults:1 | Identified the +0 leather armour of the Black Moon {rC+
                  | SInv}
 28327 | Vaults:1 | Noticed Norris
 28337 | Vaults:1 | Killed Norris
 28338 | Vaults:1 | Reached skill level 15 in Unarmed Combat
 28537 | Vaults:1 | Noticed Zenata
 28545 | Vaults:1 | Killed Zenata
 29061 | Vaults:1 | Got Sif Muna's Textbook on the Xenomorphic Summer
 29143 | Vaults:1 | Acquired a manual of Fighting
 29685 | Vaults:1 | Reached XP level 19. HP: 143/167 MP: 19/19
 30120 | Vaults:2 | Identified the +1 pair of boots of the Villain {Int+3}
 30404 | Vaults:2 | Found a runed translucent gate.
 30404 | Vaults:2 | Found a runed translucent gate.
 30404 | Vaults:2 | Found a runed translucent gate.
 30405 | Vaults:2 | Noticed quaternion's ghost (veteran MiFi)
 31018 | Vaults:2 | You are sucked into a shaft and drop 2 floors!
 31634 | Vaults:2 | Found a staircase to the Crypt.
 31634 | Vaults:2 | Found a basalt altar of Yredelemnul.
 31635 | Vaults:2 | Found an ancient bone altar of Kikubaaqudgha.
 32125 | Lair:2   | Killed Gargoyl's ghost
 32558 | D:15     | Killed Vypp's ghost
 32865 | Vaults:3 | Paralysed by a great orb of eyes for 4 turns
 33269 | Vaults:3 | Found a portal to a secret trove of treasure.
 33680 | Vaults:3 | Noticed Boris
 33688 | Vaults:3 | Killed Boris
 33689 | Vaults:3 | Reached XP level 20. HP: 177/182 MP: 20/20
 34023 | Vaults:4 | Noticed Sojobo
 34026 | Vaults:4 | Killed Sojobo
 34264 | Vaults:4 | Reached skill level 10 in Stealth
 34463 | Vaults:4 | Identified the +9 whip of Equivalence {heavy, Dex+5 Stlth+}
 35254 | Vaults:5 | Entered Level 5 of the Vaults
 35747 | Vaults:5 | Reached XP level 21. HP: 112/192 MP: 21/21
 36301 | Shoals:1 | Entered Level 1 of the Shoals
 36824 | Shoals:1 | Noticed Nikola
 36833 | Shoals:1 | Killed Nikola
 37429 | Shoals:2 | Noticed Donald
 37435 | Shoals:2 | Killed Donald
 37824 | Shoals:3 | Found a hazy altar of Hepliaklqana.
 38506 | Shoals:4 | Entered Level 4 of the Shoals
 38838 | Shoals:4 | Noticed Mlioglotl
 38844 | Shoals:4 | Killed Mlioglotl
 39056 | Shoals:4 | Got the Handbook of the Flock
 39126 | Shoals:4 | Noticed Polyphemus
 39133 | Shoals:4 | Killed Polyphemus
 39180 | Shoals:4 | Got a barnacled rune of Zot
 39893 | Elf:1    | Entered Level 1 of the Elven Halls
 39906 | Elf:1    | Identified the +0 plate armour of Entitlement {rPois rF-
                  | rCorr Stlth+}
 40126 | Elf:1    | Reached XP level 22. HP: 181/204 MP: 22/22
 40228 | Elf:1    | Identified the +9 quarterstaff of Irksome Watchfulness
                  | {elec, Str+9 Dex-4}
 40249 | Abyss:2  | Cast into level 2 of the Abyss (a deep elf demonologist)
 40404 | Abyss:3  | Found a glowing golden altar of the Shining One.
 40427 | Abyss:3  | Noticed a juggernaut
 40434 | Abyss:3  | Killed a juggernaut
 40439 | Abyss:3  | Got an abyssal rune of Zot
 40476 | Elf:1    | Escaped the Abyss
 41281 | Elf:2    | Found a runed translucent gate.
 41281 | Elf:2    | Found a runed translucent gate.
 41281 | Elf:2    | Found a runed translucent gate.
 41356 | Elf:2    | Found a flickering gateway to a bazaar.
 41362 | Bazaar   | Entered a bazaar
 41390 | Bazaar   | Found Zycete's Antique Weapon Emporium.
 41390 | Bazaar   | Found Pineceje's Antique Weapon Emporium.
 41430 | Bazaar   | Found Fifuemoa's Jewellery Shoppe.
 41430 | Bazaar   | Found Cesm's Distillery.
 41448 | Bazaar   | Bought a potion of resistance for 120 gold pieces
 41448 | Bazaar   | Bought a potion of mutation for 96 gold pieces
 41448 | Bazaar   | Bought a potion of ambrosia for 96 gold pieces
 41519 | Elf:2    | Found an ancient bone altar of Kikubaaqudgha.
 41583 | Elf:2    | Paralysed by a deep elf zephyrmancer for 3 turns
 42467 | Elf:3    | Entered Level 3 of the Elven Halls
 42707 | Elf:3    | Found Kiaxao's Book Shop.
 42734 | Elf:3    | Identified the +6 trident of Togra {freeze, Str+8}
 43853 | Elf:3    | Reached XP level 23. HP: 156/215 MP: 23/23
 44112 | Elf:3    | Identified the +6 flail "Newt's Curse" {antimagic, rElec}
 44121 | Elf:3    | Got the Lectures on the Roasted Tektite
 44125 | Elf:3    | Identified the +0 demon trident of the Bursting Pill Bug
                  | {pain, *Corrode rC+ rN+}
 44129 | Elf:3    | Identified the staff "Zammywem" {rElec rF+++ rC+ Str-5
                  | Conj}
 44138 | Elf:3    | Identified the staff "Jatazud" {Str+6 Earth}
 44490 | Depths:1 | Entered Level 1 of the Depths
 44918 | Depths:1 | Found a gateway to Hell.
 45189 | Depths:1 | Found a hide-covered altar of Uskayaw.
 45515 | Depths:2 | Found a one-way gate leading to the halls of Pandemonium.
 45616 | Depths:2 | Found a shadowy altar of Dithmenos.
 45710 | Depths:2 | Found a runed translucent gate.
 45710 | Depths:2 | Found a runed translucent gate.
 45710 | Depths:2 | Found a runed translucent gate.
 45722 | Depths:2 | Noticed a golden dragon
 45726 | Depths:2 | Killed a golden dragon
 45868 | Depths:2 | Noticed a golden dragon
 45871 | Depths:2 | Killed a golden dragon
 45965 | Depths:2 | Noticed a golden dragon
 45968 | Depths:2 | Killed a golden dragon
 46061 | Depths:2 | Identified the +5 shortbow of the Exiled Eyes {speed, rN+
                  | Dex+4 SInv}
 46067 | Depths:2 | Identified the +0 scale mail of the Present {Harm rF++
                  | rCorr}
 46578 | Depths:2 | Found a one-way gateway to a ziggurat.
 46670 | Depths:2 | Found a runed translucent gate.
 46670 | Depths:2 | Found a runed translucent gate.
 46686 | Depths:2 | Noticed Amisa's ghost (adept VSFi)
 46689 | Depths:2 | Found a runed translucent gate.
 46815 | Depths:3 | Noticed an ancient lich
 46819 | Depths:3 | Killed an ancient lich
 46825 | Depths:3 | Reached XP level 24. HP: 126/224 MP: 23/23
 47046 | Depths:3 | Noticed a caustic shrike
 47048 | Depths:3 | Noticed a caustic shrike
 47053 | Depths:3 | Killed a caustic shrike
 47054 | Depths:3 | Killed a caustic shrike
 47108 | Depths:3 | Found a one-way gate to the infinite horrors of the Abyss.
 47525 | Depths:3 | Identified the ring "Ucuidd" {rF+ rCorr Str-5 Int+3 Slay+5}
 47597 | Depths:3 | Noticed the Enchantress
 47604 | Depths:3 | Killed the Enchantress
 47680 | Depths:3 | Reached skill level 27 in Shapeshifting
 47690 | Depths:3 | Identified the +2 cloak of Nemelex Xobeh's Hatred {Harm}
 47952 | Depths:3 | Reached skill level 27 in Fighting
 48160 | Depths:3 | You are sucked into a shaft and drop 1 floor!
 48160 | Depths:4 | Entered Level 4 of the Depths
 48179 | Depths:4 | Reached skill level 1 in Throwing
 48183 | Depths:4 | Noticed a juggernaut
 48187 | Depths:4 | Found a gate to the Realm of Zot.
 48192 | Depths:4 | Killed a juggernaut
 48786 | Depths:4 | Noticed Margery
 48793 | Depths:4 | Killed Margery
 49423 | Depths:4 | Found Laghi's Magic Scroll Shop.
 49429 | Depths:4 | Bought a scroll of blinking for 105 gold pieces
 49429 | Depths:4 | Bought a scroll of fog for 56 gold pieces
 49429 | Depths:4 | Bought a scroll of fear for 56 gold pieces
 49622 | Depths:4 | Found Zumoynt's Book Shoppe.
 49623 | Depths:4 | Found Huig's Jewellery Boutique.
 49623 | Depths:4 | Found Ylynt's Jewellery Boutique.
 49633 | Depths:4 | Bought the amulet "Vyla" {Spirit rPois rF++} for 1232 gold
                  | pieces
 50122 | Vaults:5 | Noticed a dread lich
 50122 | Vaults:5 | Paralysed by a dread lich for 3 turns
 50134 | Vaults:4 | Reached skill level 15 in Stealth
 50263 | Vaults:4 | Killed a dread lich
 50311 | Vaults:5 | Identified the +7 quick blade of the Vulture {distort,
                  | rPois}
 50314 | Vaults:5 | Reached skill level 5 in Throwing
 50327 | Vaults:5 | Noticed an ancient lich
 50332 | Vaults:5 | Noticed an ancient lich
 50334 | Vaults:5 | Reached XP level 25. HP: 139/233 MP: 16/23
 50343 | Vaults:5 | Noticed a dread lich
 50345 | Vaults:5 | Found Ylankaxe's Jewellery Boutique.
 50345 | Vaults:5 | Killed a dread lich
 50585 | Vaults:5 | Got a silver rune of Zot
 50589 | Vaults:5 | Bought the ring "Xesaez" {Contam Will+ rCorr EV+5} for 923
                  | gold pieces
 50672 | Vaults:5 | Killed an ancient lich
 50794 | Vaults:5 | Noticed a dread lich
 50801 | Vaults:5 | Killed a dread lich
 51150 | Vaults:5 | Noticed an ancient lich
 51158 | Vaults:5 | Killed an ancient lich
 51160 | Vaults:5 | Found Waicuh's Magic Scroll Boutique.
 51208 | Vaults:5 | Bought 2 scrolls of teleportation for 78 gold pieces
 51208 | Vaults:5 | Bought a scroll of teleportation for 39 gold pieces
 51400 | Vaults:5 | Found Sumuhocs's Distillery.
 51404 | Vaults:5 | Bought a potion of curing for 72 gold pieces
 51404 | Vaults:5 | Bought a potion of curing for 72 gold pieces
 51404 | Vaults:5 | Bought a potion of heal wounds for 120 gold pieces
 51404 | Vaults:5 | Bought a potion of might for 96 gold pieces
 51404 | Vaults:5 | Bought a potion of curing for 72 gold pieces
 51414 | Vaults:5 | Found Xifemake's Antique Armour Emporium.
 51681 | Vaults:5 | Found Rerhanli's Distillery.
 51686 | Vaults:5 | Bought a potion of mutation for 160 gold pieces
 51686 | Vaults:5 | Bought 2 potions of heal wounds for 200 gold pieces
 51752 | Vaults:5 | Found Fariomof's Distillery.
 51756 | Vaults:5 | Bought a potion of curing for 66 gold pieces
 51756 | Vaults:5 | Bought a potion of resistance for 220 gold pieces
 51756 | Vaults:5 | Bought a potion of might for 88 gold pieces
 51756 | Vaults:5 | Bought a potion of resistance for 220 gold pieces
 52323 | Slime:1  | Entered Level 1 of the Pits of Slime
 52853 | Slime:2  | Gained mutation: You sometimes lose your temper in combat.
                  | [a shining eye]
 53690 | Slime:4  | Noticed Dissolution
 53692 | Slime:4  | Killed Dissolution
 53699 | Slime:4  | Reached XP level 26. HP: 242/242 MP: 23/23
 54123 | Slime:5  | Entered Level 5 of the Pits of Slime
 54226 | Slime:5  | Gained mutation: You are frail. (-10% HP) [a shining eye]
 54230 | Slime:5  | Lost mutation: You are frail. (-10% HP) [potion of
                  | mutation]
 54230 | Slime:5  | Lost mutation: You sometimes lose your temper in combat.
                  | [potion of mutation]
 54230 | Slime:5  | Gained mutation: Your system is resistant to poisons.
                  | (rPois) [potion of mutation]
 54230 | Slime:5  | Lost mutation: Your system is resistant to poisons. (rPois)
                  | [potion of mutation]
 54230 | Slime:5  | Gained mutation: Your spells are a little easier to cast,
                  | but a little less powerful. [potion of mutation]
 54305 | Slime:5  | Noticed the Royal Jelly
 54306 | Slime:5  | Found a viscous altar of Jiyva.
 54314 | Slime:5  | Killed the Royal Jelly
 54325 | Slime:5  | Found the +0 pair of fencer's gloves {Riposte Dex+3}
 54393 | Slime:5  | Identified the +1 dagger of Patterns {elec, MP+9 Int+2
                  | Stlth+}
 54398 | Slime:5  | Got a slimy rune of Zot
 54400 | Slime:5  | Identified the +11 trident "Hiommy" {drain, *Corrode Str+4
                  | Int+5 Stlth+}
 54433 | Slime:5  | Got the Omnibus of Configuration and the Mantle
 54445 | Slime:5  | Identified the +2 leather armour of Indestructible Joy
                  | {Dex+3 Slay+5}
 54476 | Slime:5  | Identified the +7 arbalest "Inyrgheamn" {freeze, Str+2}
 54639 | Slime:5  | Paralysed by a floating eye for 2 turns
 55400 | Hell     | Entered the Vestibule of Hell
 55405 | Hell     | Noticed Geryon
 55421 | Hell     | Killed Geryon
 55581 | Hell     | Found a gateway to the ashen valley of Gehenna.
 55663 | Hell     | Gained mutation: Your mind is acute. (Int +4, Str/Dex -1)
                  | [a cacodemon]
 55728 | Hell     | Found a gateway to the decaying netherworld of Tartarus.
 55784 | Hell     | Found a gateway to the freezing wastes of Cocytus.
 55897 | Hell     | Found a gateway to the Iron City of Dis.
 56043 | Zot:1    | Entered Level 1 of the Realm of Zot
 56290 | Zot:1    | Reached XP level 27. HP: 249/249 MP: 23/23
 56555 | Zot:1    | Identified the ring of Muma {rElec rPois Str+3}
 56558 | Zot:1    | Identified the +3 mace of the Orcish Mines {drain, *Rage
                  | rN+++ rCorr}
 57523 | Zot:3    | Reached skill level 27 in Dodging
 57757 | Zot:3    | Identified the ring "Wyr Giub" {Ice Dex+5}
 57757 | Zot:3    | Noticed Josephina
 57768 | Zot:3    | Killed Josephina
 59244 | Zot:4    | Reached skill level 27 in Unarmed Combat
 59509 | Zot:4    | Noticed an orb of fire
 59555 | Zot:4    | Killed an orb of fire
 59791 | Zot:5    | Entered Level 5 of the Realm of Zot
 60275 | Zot:5    | Noticed an ancient lich
 60305 | Zot:5    | Noticed an orb of fire
 60306 | Zot:5    | Noticed an orb of fire
 60313 | Zot:5    | Killed an ancient lich
 60313 | Zot:5    | Gained mutation: Armour fits poorly on your strangely
                  | shaped body. [an orb of fire]
 60314 | Zot:5    | Noticed an ancient lich
 60314 | Zot:5    | Noticed an ancient lich
 60314 | Zot:5    | Noticed a dread lich
 60314 | Zot:5    | Noticed an orb of fire
 60317 | Zot:5    | Noticed a dread lich
 60319 | Zot:5    | Noticed an ancient lich
 60319 | Zot:5    | Noticed a dread lich
 60349 | Zot:5    | Noticed an ancient lich
 60361 | Zot:5    | Killed an ancient lich
 60406 | Zot:5    | Gained mutation: You are clumsy. (Dex -2) [an orb of fire]
 60408 | Zot:5    | Gained mutation: Your magical capacity is low. (-10% MP)
                  | [an orb of fire]
 60410 | Zot:5    | Gained mutation: You occasionally shout uncontrollably at
                  | your foes. [an orb of fire]
 60418 | Zot:4    | Paralysed by something for 4 turns
 60433 | Zot:4    | Killed a dread lich
 60748 | Zot:5    | Gained mutation: You have hidden genetic defects. [an orb
                  | of fire]
 60748 | Zot:5    | Gained mutation: You are vulnerable to heat. (rF-) [an orb
                  | of fire]
 60753 | Zot:4    | Killed an orb of fire
 60760 | Zot:5    | Noticed a dread lich
 60768 | Zot:4    | Killed an orb of fire
 60863 | Zot:4    | Lost mutation: Armour fits poorly on your strangely shaped
                  | body. [potion of mutation]
 60863 | Zot:4    | Lost mutation: You are clumsy. (Dex -2) [potion of
                  | mutation]
 60863 | Zot:4    | Lost mutation: You occasionally shout uncontrollably at
                  | your foes. [potion of mutation]
 60863 | Zot:4    | Gained mutation: Your flesh is cold resistant. (rC+)
                  | [potion of mutation]
 60864 | Zot:4    | Lost mutation: Your magical capacity is low. (-10% MP)
                  | [potion of mutation]
 60864 | Zot:4    | Lost mutation: You are vulnerable to heat. (rF-) [potion of
                  | mutation]
 60864 | Zot:4    | Gained mutation: Your magical capacity is low. (-10% MP)
                  | [potion of mutation]
 60865 | Zot:4    | Lost mutation: Your mind is acute. (Int +4, Str/Dex -1)
                  | [potion of mutation]
 60865 | Zot:4    | Lost mutation: Your magical capacity is low. (-10% MP)
                  | [potion of mutation]
 60865 | Zot:4    | Gained mutation: You have supernaturally acute eyesight.
                  | (SInv) [potion of mutation]
 60865 | Zot:4    | Gained mutation: Your mind is acute. (Int +4, Str/Dex -1)
                  | [potion of mutation]
 60865 | Zot:4    | Gained mutation: Your movements are slightly less
                  | encumbered by armour. (ER -2) [potion of mutation]
 60867 | Zot:5    | Gained mutation: You have a pair of small horns on your
                  | head. [an orb of fire]
 61033 | Zot:4    | Killed a dread lich
 61059 | Zot:5    | Killed an orb of fire
 61069 | Zot:5    | Killed an ancient lich
 61075 | Zot:5    | Killed an ancient lich
 61140 | Zot:5    | Killed a dread lich
 61151 | Zot:5    | Gained mutation: Your magical capacity is low. (-10% MP)
                  | [hidden defects]
 61172 | Zot:5    | Killed an ancient lich
 61174 | Zot:5    | Killed a dread lich
 61373 | Zot:5    | Gained mutation: Your magical capacity is very low. (-20%
                  | MP) [hidden defects]
 61373 | Zot:5    | Lost mutation: You have hidden genetic defects. [hidden
                  | defects expressed]
 61942 | Crypt:1  | Entered Level 1 of the Crypt
 62074 | Crypt:1  | Noticed Mennas
 62376 | Crypt:1  | Killed Mennas
 62973 | Crypt:1  | Found a basalt altar of Yredelemnul.
 63099 | Crypt:1  | Identified the staff of Res Judicata {Fly rC+ Str-2 Conj}
 64280 | Crypt:3  | Entered Level 3 of the Crypt
 64646 | Crypt:3  | Reached skill level 27 in Stealth
 64648 | Crypt:3  | Learned a level 1 spell: Apportation
 64651 | Crypt:3  | Learned a level 2 spell: Blink
 64654 | Crypt:3  | Learned a level 2 spell: Passwall
 64657 | Crypt:3  | Learned a level 2 spell: Wereblood
 64695 | Crypt:3  | Noticed a dread lich
 64700 | Crypt:3  | Killed a dread lich
 64701 | Crypt:3  | Reached skill level 1 in Transmutations
 64755 | Crypt:3  | Reached skill level 1 in Spellcasting
 64792 | Crypt:3  | Reached skill level 1 in Translocations
 64792 | Crypt:3  | Reached skill level 1 in Earth Magic
 64958 | Crypt:3  | Found a staircase to the Tomb.
 65102 | Crypt:3  | Identified the +1 double sword of Hugruu {freeze, rF+ rC-
                  | Str+3 Dex+5}
 65390 | Crypt:3  | Found an ancient bone altar of Kikubaaqudgha.
 65404 | Crypt:3  | Noticed a dread lich
 65413 | Crypt:3  | Killed a dread lich
 65558 | Crypt:3  | Noticed a dread lich
 65567 | Crypt:3  | Killed a dread lich
 65793 | Crypt:3  | Identified the staff "Biezolog" {rN+ Dex+2 Necro}
 66291 | Zot:5    | Got the Orb of Zot
 66416 | Zot:1    | Noticed Begesocy the pandemonium lord
 66429 | Zot:1    | Killed Begesocy the pandemonium lord
 66488 | Depths:4 | Reached skill level 5 in Transmutations
 66506 | Depths:4 | Noticed Emym the pandemonium lord
 66511 | Depths:4 | Killed Emym the pandemonium lord
 66513 | Depths:4 | Noticed Bipadd the pandemonium lord
 66513 | Depths:4 | Noticed an ancient lich
 67239 | D:1      | Noticed Suet the pandemonium lord
 67251 | D:1      | Killed Suet the pandemonium lord
 67334 | D:$      | Escaped with the Orb!

Illustrated notes

Levels and vault maps discovered:
D:1:      minmay_arrival_glassed_features, layout_loops_ring, minivault_11
D:2:      layout_loops_ring, minmay_pentomino_pile
D:3:      layout_basic, hellmonk_ecumenical_altar_arch_garden
D:4:      layout_loops_ring
D:5:      layout_rooms, serial_demonic, serial_demonic_b, serial_demonic_g,
          serial_demonic_d, serial_demonic_f, nicolae_custom_books
D:6:      layout_loops_ring, minmay_temple_entry_from_below_b
D:7:      layout_basic
D:8:      nicolae_cairo_tiling_very_big, layout_loops_ring,
          dilly_guarded_unrand_devastator, uniq_prince_ribbit1, uniq_grum
D:9:      layout_long_grid, grunt_temple_overflow_open,
          hellmonk_guarded_unrand_zhor, uniq_jeremiah
D:10:     layout_loops_ring, david_lair_shrubbed, zombieorc2_lemuel,
          serial_shops, nicolae_shop_tiny_waterfront, dk_rats_in_the_wall
D:11:     layout_loops_ring
D:12:     layout_roguey, serial_shops, shop, nicolae_shop_mannequins,
          nicolae_stop_n_shop_2, shop, serial_glass, glass_columns_b,
          glass_columns_a, glass_columns_c, glass_columns_a, glass_columns_c,
          glass_columns_b, glass_columns_c, glass_columns_a, glass_columns_a,
          glass_columns_a, due_unseen_surprise, feat_on_display,
          small_statue_intersection, bloody_trog, uniq_lodul, uniq_rupert,
          uniq_gastronok
D:13:     layout_roguey, minmay_ruined_shrine
D:14:     layout_basic, lightli_vaults_fourway_checkpoint
D:15:     grunt_enter_depths_magical_seal, layout_small_grid,
          gammafunk_ghost_wrathful_warriors, minmay_stone_trees_small,
          nicolae_elemental_shop, minmay_misc_feat_room
Temple:   nicolae_temple_no_exploring_needed
Lair:1:   layout_cave_pods
Lair:2:   layout_roguey, elwin_shoals_entry_stream,
          nicolae_spider_entry_tight_spaces, ebering_ghost_funeral_grove,
          nicolae_quartered_pool_super, hellmonk_guarded_unrand_vines,
          infiniplex_staircase_pool_2
Lair:3:   layout_regular_city, serial_bayou_pond_a, lemuel_old_faithful
Lair:4:   layout_loops_ring, slime_entry_2, st_stairs_3, hibernation_bobbens
Lair:5:   hangedman_lair_caniforms_friends, layout_gridlike, lemuel_fruit_fields
Shoals:1: layout_shoals, uniq_nikola
Shoals:2: layout_shoals, nicolae_shoals_land_atoll, uniq_donald
Shoals:3: layout_shoals, lemuel_oklob_altar
Shoals:4: shoals_end_grunt_ice, layout_shoals, uniq_polyphemus, uniq_mlioglotl
Spider:1: layout_spider_delve, uniq_roxanne
Spider:2: layout_chambers, nicolae_spider_orb_run
Spider:3: layout_spider_delve, portal_ice_cave_entry_ugly_swarm, uniq_kirke
Spider:4: spider_rune_water
Slime:1:  layout_caves, cheibrodos_slime_lost_civilization_4
Slime:2:  layout_caves, cheibrodos_slime_lost_civilization_7
Slime:3:  layout_caves
Slime:4:  cheibrodos_slime_lost_civilization_1, layout_caves, dissolution_awaits
Slime:5:  slime_pit_nicolae_royal_road_to_ruin
Orc:1:    layout_caves, basic_altar, nicolae_shop_gadgets
Orc:2:    grunt_orc_gardens, layout_caves, grunt_orc_garden, grunt_orc_garden,
          grunt_orc_garden, grunt_orc_garden, uniq_erolcha, uniq_nessos
Elf:1:    nicolae_elf_arrival_aired_out, layout_loops_cross,
          hangedman_elven_crosses_minicolossus, grunt_ministairs_11,
          roderic_roman_lattice
Elf:2:    elven_hall_of_blades_hangedman_original
          [nicolae_blade_entry_sentries_behind_glass], layout_loops_corners,
          basic_altar, serial_shops, bzr_entry_islet, st_stairs_4
Elf:3:    minmay_elf_hall_statues, layout_geoelf_castle, serial_shops,
          nicolae_square_shop, hangedman_elf_power_crystal
Vaults:1: nicolae_vaults_sesquioval_fish, v_alt_pattern_3, v_misc_12,
          nicolae_vaults_cochlea, st_eye, vaults_mumra_chevron_long,
          nicolae_vaults_tetromino_Z_2, nicolae_vaults_doubleplus_tesselated,
          hangedman_vaults_trim, hangedman_vaults_impose,
          nicolae_vaults_frosty_reception, layout_vaults_big_room,
          uniq_saint_roka, uniq_norris, uniq_zenata
Vaults:2: gammafunk_ghost_split, hangedman_vaults_capsules,
          minmay_crypt_entry_necro_gods, nicolae_vaults_enemy_cabinets,
          ontoclasm_vaults_ligature, nicolae_vaults_double_plus_1,
          v_alt_pattern_2, nicolae_vaults_little_squares_1,
          nicolae_vaults_little_squares_4, layout_vaults_quadrants
Vaults:3: nicolae_vaults_oval_intersection, nicolae_vaults_mini_display_case,
          hangedman_vaults_unwind, nicolae_vaults_circle_grid_b,
          nicolae_vaults_door_testing_chamber, v_misc_28,
          hangedman_vaults_stream, ontoclasm_vaults_loading_screen,
          nicolae_vaults_variable_pillar_hall, vaults_room_door_hall,
          nicolae_vaults_ring_of_whatevers, ontoclasm_vaults_twist,
          nicolae_vaults_little_ls, layout_vaults_omnibox,
          nicolae_trove_entry_columns, uniq_boris
Vaults:4: nicolae_vaults_more_shelving_2, ontoclasm_vaults_pinch,
          nicolae_vaults_more_shelving_1, nicolae_vaults_tetromino_L_2,
          nicolae_vaults_what_the_h, nicolae_vaults_disjoint_gnomons,
          nicolae_vaults_stairing_the_circle, v_rooms_4,
          nicolae_vaults_little_squares_4, nicolae_vaults_double_plus_2,
          nicolae_vaults_variable_pillar_hall, vaults_room_pools,
          nicolae_vaults_tetromino_Z_1, vaults_room_pool,
          nicolae_vaults_apartment_2, layout_vaults_omnicross, uniq_sojobo
Vaults:5: serial_shops
Crypt:1:  gammafunk_crypt_yreds_forest, layout_regular_city, uniq_mennas
Crypt:2:  layout_misc_corridors, grunt_megastairs_4
Crypt:3:  quadcrypt_mu
Depths:1: layout_gridlike, nrook_campfire, hell_entry, grunt_ministairs_8,
          hangedman_decor_opposing, nicolae_uskayaw_murder_on_the_dancefloor
Depths:2: vault_1, layout_cave_shapes, enter_ziggurat_a,
          ploomutoo_gammafunk_ghost_potion_laboratory, pf_coc_iceberg,
          grunt_pan_entry_zigzag, nicolae_dithmenos_the_darkroom
Depths:3: hellmonk_hyper_hexagons [hex_subvault_four_corners, hex_subvault_bug,
          hex_subvault_crossings, hex_subvault_small_grid, hex_subvault_dug_out,
          hex_subvault_rooms, hex_subvault_village], hell_entry, serial_shops,
          abyss_entry
Depths:4: evilmike_zot_entry_basic, layout_cave_shapes, serial_shops,
          nicolae_shop_pleasant_corner_grove, pan_entry, nrook_mini_backslash,
          pf_hell_entry_great_geh, minmay_shop_grove, uniq_margery
Hell
Zot:1:    layout_cathedral_of_symmetry, grunt_ministairs_10, grunt_megastairs_1
Zot:2:    layout_misc_corridors
Zot:3:    layout_basic, lemuel_golem_globe, uniq_josephina
Zot:4:    infiniplex_zot_generator, layout_misc_corridors, nrook_zot_tub
Zot:5:    layout_cellular_growth

Skill      XL: |  1  2  3  4  5  6  7  8  9 10 11 12 13 14 15 16 17 18 19 20 21 22 23 24 25 26 27 |
---------------+----------------------------------------------------------------------------------+-----
Shapeshifting  | 5 6 7 8 9 10 12 13 14 18 22 23 25 26 27 | 27.0
Dodging        | 3 4 6 8 9 11 12 13 15 17 18 19 21 23 26 27 | 27.0
Fighting       | 2 3 4 6 8 9 12 13 15 16 18 19 22 23 24 25 26 27 | 27.0
Unarmed Combat | 4 5 7 8 9 11 13 14 17 19 21 22 23 27 | 27.0
Armour         | 1 2 |  2.0
Stealth        | 2 6 9 12 14 15 17 18 27 | 27.0
Throwing       | 5 9 |  9.9
Transmutations | 6 |  6.9
Spellcasting   | 4 |  4.7
Translocations | 4 |  4.3
Earth Magic    | 4 |  4.3

Action                     |  1- 3 |  4- 6 |  7- 9 | 10-12 | 13-15 | 16-18 | 19-21 | 22-24 | 25-27 || total
---------------------------+-------+-------+-------+-------+-------+-------+-------+-------+-------++-------
  Melee: Unarmed           |    95 |   170 |   302 |   905 |  1783 |  1308 |   914 |   913 |  1807 ||  8197
         Punch             |     3 |     1 |       |       |     3 |    81 |    85 |   103 |   297 ||   573
         Tailslap          |       |       |       |     4 |     4 |     7 |       |       |       ||    15
         Headbutt          |       |       |       |       |       |       |       |       |     9 ||     9
 Invoke: Serpent's Lash    |       |       |       |     1 |       |       |       |       |       ||     1
Ability: Lunge             |       |       |     4 |    56 |    89 |    69 |    92 |   107 |   188 ||   605
         Whirlwind         |       |       |       |   111 |   438 |   241 |   280 |   118 |   185 ||  1373
         Wall Jump         |       |       |       |    23 |    35 |    12 |       |       |       ||    70
         Blinkbolt         |       |       |       |       |       |    17 |    84 |    29 |    28 ||   158
         Begin Untransform |       |       |       |       |       |       |     1 |     2 |     1 ||     4
  Evoke: Wand              |       |       |     1 |     2 |     3 |       |       |       |     5 ||    11
    Use: Scroll            |       |     2 |     9 |     5 |     9 |    16 |     4 |     5 |     9 ||    59
         Potion            |       |       |     1 |     2 |     6 |    11 |       |     1 |    11 ||    32
   Stab: Invisible         |       |       |     2 |     2 |       |       |       |       |       ||     4
         Distracted        |       |       |       |     2 |     1 |     6 |     1 |     6 |    15 ||    31
         Sleeping          |       |       |       |       |     1 |     4 |    14 |    22 |    57 ||    98
         Petrified         |       |       |       |       |       |       |       |     3 |       ||     3
 Armour: Animal skin       |    20 |       |       |   311 |   776 |   146 |       |       |     9 ||  1262
         Ring mail         |    15 |    13 |       |       |       |       |       |       |       ||    28
         Scale mail        |       |    86 |   260 |   132 |       |       |       |       |       ||   478
         Skin              |       |       |       |       |    14 |  1025 |   191 |   208 |   304 ||  1742
  Dodge: Dodged            |    45 |    73 |   212 |   610 |  1331 |  1945 |   990 |   809 |  1419 ||  7434
Riposte: Unarmed           |       |       |       |       |       |       |       |       |     2 ||     2
   Form: Flux              |       |     1 |       |       |       |       |       |       |       ||     1
         Statue            |       |       |       |       |       |     2 |     1 |     1 |       ||     4
         Storm             |       |       |       |       |       |     2 |     2 |     2 |     3 ||     9
         Death             |       |       |       |       |       |       |       |       |     2 ||     2

Table legend: (Time is in decaauts)
 A = Elapsed time spent in this place.
 B = Non-inter-level travel time spent in this place.
 C = Inter-level travel time spent in this place.
 D = Time resting spent in this place.
 E = Time spent auto-exploring this place.
 F = Levels seen in this place.
 G = Mean time per level.
                   A        B        C        D        E       F      G
               +--------+--------+--------+--------+--------+-----+--------+
         Total |  69199 |  61532 |   7667 |   7897 |  38604 |  60 | 1153.3 |
       Dungeon |  16578 |  13097 |   3481 |   1574 |   8147 |  15 | 1105.2 |
        Temple |     43 |     43 |      0 |      0 |      0 |   1 |   43.0 |
          Lair |   6219 |   5480 |    739 |    268 |   3746 |   5 | 1243.8 |
        Shoals |   3408 |   3275 |    133 |    100 |   2628 |   4 |  852.0 |
   Spider Nest |   8515 |   8212 |    303 |   2355 |   3988 |   4 | 2128.8 |
    Slime Pits |   2652 |   2356 |    296 |     89 |   1739 |   5 |  530.4 |
  Orcish Mines |   1973 |   1715 |    258 |    236 |    857 |   2 |  986.5 |
   Elven Halls |   3992 |   3639 |    353 |    366 |   2096 |   3 | 1330.7 |
        Vaults |   9932 |   9079 |    853 |   1698 |   5872 |   5 | 1986.4 |
         Crypt |   3566 |   3464 |    102 |      0 |   2669 |   3 | 1188.7 |
        Depths |   5680 |   5095 |    585 |     83 |   3692 |   4 | 1420.0 |
          Hell |    497 |    486 |     11 |      0 |    346 |   1 |  497.0 |
           Zot |   5817 |   5270 |    547 |   1126 |   2808 |   5 | 1163.4 |
         Abyss |    211 |    211 |      0 |      0 |     14 |   2 |  105.5 |
        Bazaar |    109 |    109 |      0 |      0 |      0 |   1 |  109.0 |
               +--------+--------+--------+--------+--------+-----+--------+

Top non-repeatable levels by time:
    D:14: 2998 daAuts
Spider:4: 2970 daAuts
Spider:2: 2944 daAuts
Vaults:2: 2469 daAuts
Vaults:1: 2327 daAuts
Vaults:4: 2288 daAuts
   Elf:3: 1767 daAuts
  Lair:2: 1761 daAuts
Depths:3: 1697 daAuts
   Zot:4: 1672 daAuts
Spider:1: 1671 daAuts
    D:10: 1660 daAuts
Vaults:5: 1645 daAuts
Depths:4: 1583 daAuts
 Crypt:3: 1509 daAuts
